 Dungeon Crawl Stone Soup version 0.30.0-5-g1a98f26d00 (webtiles) character file.

Game seed: 9270792052127088387

169059 Peloso the Fencer (level 17, -2/161 HPs)
             Began as a Minotaur Fighter on May 10, 2023.
             Was the Champion of Okawaru.
             Blown up by an orb spider (27 damage)
             ... with an orb of destruction
             ... on level 2 of the Spider Nest.
             The game lasted 01:20:05 (31280 turns).

Peloso the Fencer (Minotaur Fighter)               Turns: 31280, Time: 01:20:05

Health: -2/161     AC: 28    Str: 38 (39) XL:     17   Next: 34%
Magic:  0/18       EV: 15    Int: 11 (12) God:    Okawaru [******]
Gold:   2230       SH: 20    Dex: 17      Spells: 16/16 levels left

rFire   . . .        a - +7 double sword (elec)
rCold   . . .        d - +0 kite shield of Barnacled the Good {rN+}
rNeg    + . .        j - +6 chain mail "Rotag" {Contam rElec Str+4 Dex+4}
rPois   +            R - +2 hat of Zal Cele {Contam Will+ Str+3}
rElec   +            Q - +0 cloak of Bycoguse {Regen+ rCorr Int+7}
rCorr   +            J - +2 pair of gloves {infuse}
SInv    .            I - +0 pair of boots {rampage}
Will    ++...        V - amulet of reflection Stlth
                     h - ring of poison resistance
HPRegen 1.26/turn    t - +6 ring of strength
MPRegen 0.16/turn

%: reflection, rampage
@: no status effects
A: horns 2, retaliatory headbutt
a: Renounce Religion, Heroism, Finesse, Duel


You were on level 2 of the Spider Nest.
You worshipped Okawaru.
Okawaru was exalted by your worship.
You visited 5 branches of the dungeon, and saw 25 of its levels.
You also visited: Sewer, Ossuary, Bailey and Gauntlet.

You collected 2623 gold pieces.
You spent 393 gold pieces at shops.

Inventory:

Hand Weapons
 a - a +7 double sword of electrocution (weapon)
 b - a +2 long sword of holy wrath
 c - a +2 demon blade of flaming
Armour
 d - the +0 kite shield of Barnacled the Good (worn) {rN+}
   (Okawaru gifted it to you on level 5 of the Lair of Beasts)

   rN:        It protects you from negative energy.
 e - a +2 plate armour of willpower
 j - the +6 chain mail "Rotag" (worn) {Contam rElec Str+4 Dex+4}
   (You found it on level 3 of the Dungeon)

   Str:       It affects your strength (+4).
   Dex:       It affects your dexterity (+4).
   rElec:     It insulates you from electricity.
   Contam:    It causes magical contamination when unequipped.
 I - a +0 pair of boots of rampaging (worn)
 J - a +2 pair of gloves of infusion (worn)
 Q - the +0 cloak of Bycoguse (worn) {Regen+ rCorr Int+7}
   (You found it in a Gauntlet)

   Int:       It affects your intelligence (+7).
   Regen:     It increases your rate of health regeneration.
   rCorr:     It protects you from acid and corrosion.
 R - the +2 hat of Zal Cele (worn) {Contam Will+ Str+3}
   (Okawaru gifted it to you on level 4 of the Lair of Beasts)

   Str:       It affects your strength (+3).
   Contam:    It causes magical contamination when unequipped.
   Will:      It increases your willpower.
Jewellery
 h - a ring of poison resistance (left hand)
 k - a ring of protection from fire
 l - a ring of willpower
 t - a +6 ring of strength (right hand)
 V - an amulet of reflection (around neck)
Wands
 m - a wand of paralysis (2)
Scrolls
 f - 3 scrolls of brand weapon
 g - 8 scrolls of immolation
 q - 5 scrolls of poison
 y - 6 scrolls of fear
 B - 8 scrolls of teleportation
 E - a scroll of blinking
 F - 18 scrolls of identify
 M - a scroll of fog
 O - a scroll of butterflies
 S - a scroll of magic mapping
 W - a scroll of silence
 X - a scroll of enchant armour
 Y - 3 scrolls of enchant weapon
Potions
 i - a potion of might
 n - 2 potions of ambrosia
 o - 6 potions of heal wounds
 r - 4 potions of cancellation
 u - 4 potions of haste
 v - 4 potions of magic
 w - 4 potions of brilliance
 x - 2 potions of resistance
 z - 11 potions of curing
 A - a potion of invisibility
 C - a potion of flight
 D - 2 potions of mutation


   Skills:
 + Level 17.0 Fighting
 + Level 20.5 Long Blades
 + Level 15.7 Armour
 + Level 9.5 Dodging
 + Level 3.0 Stealth
 + Level 17.3 Shields
 + Level 3.1 Invocations
 + Level 0.3 Evocations


You had 16 spell levels left.
You didn't know any spells.
Your spell library contained the following spells:

 Spells                   Type           Power      Damage    Failure   Level
 Freeze                   Ice            0%         1d3       67%         1
 Magic Dart               Conj           0%         1d3       67%         1
 Necrotise                Necr           0%         1d4       67%         1
 Sandblast                Erth           0%         2d4       67%         1
 Slow                     Hex            0%         N/A       67%         1
 Passwall                 Tmut/Erth      0%         N/A       82%         2
 Searing Ray              Conj           0%         2d4       82%         2
 Confusing Touch          Hex            0%         N/A       96%         3
 Dazzling Flash           Conj/Hex       0%         N/A       96%         3
 Frozen Ramparts          Ice            0%         1d1       96%         3
 Gell's Gravitas          Tloc           0%         N/A       96%         3
 Hailstorm                Conj/Ice       0%         3d3       96%         3
 Mephitic Cloud           Conj/Pois/Air  0%         N/A       96%         3
 Stone Arrow              Conj/Erth      0%         3d7       96%         3
 Teleport Other           Tloc           0%         N/A       96%         3
 Vampiric Draining        Necr           0%         2d6       96%         3
 Vhi's Electric Charge    Tloc/Air       0%         N/A       96%         3
 Volatile Blastmotes      Fire/Tloc      0%         2d10      96%         3
 Cause Fear               Hex            0%         N/A       100%        4
 Fulminant Prism          Conj/Hex       0%         3d5       100%        4
 Ice Form                 Ice/Tmut       0%         N/A       100%        4
 Iskenderun's Mystic Bla  Conj/Tloc      0%         2d3       100%        4
 Leda's Liquefaction      Hex/Erth       0%         N/A       100%        4
 Agony                    Necr           0%         N/A       100%        5
 Arcjolt                  Conj/Air       0%         1d10      100%        5
 Lee's Rapid Deconstruct  Erth           0%         3d4*      100%        5
 Dispersal                Tloc           0%         N/A       100%        6
 Starburst                Conj/Fire      0%         6d3       100%        6
 Statue Form              Tmut/Erth      0%         N/A       100%        6
 Dragon Form              Tmut           0%         N/A       100%        7
 Lehudib's Crystal Spear  Conj/Erth      0%         10d2      100%        8
 Maxwell's Capacitive Co  Air            0%         ∞         100%        8
 Call Imp                 Summ           Unusable   N/A       N/A         2
 Animate Armour           Summ/Erth      Unusable   N/A       N/A         4
 Simulacrum               Ice/Necr       Unusable   N/A       N/A         6
 Dragon's Call            Summ           Unusable   N/A       N/A         9

Dungeon Overview and Level Annotations

Branches:
Dungeon (15/15)            Temple (1/1) D:4            Lair (5/5) D:8
 Shoals (0/4) Lair:2       Spider (2/4) Lair:2        Slime (0/5) Lair:4
    Orc (2/2) D:11            Elf (0/3) Orc:2        Vaults (0/5) D:13
 Depths (0/4) D:15          Sewer (visited)         Ossuary (visited)
 Bailey (visited)         Gauntlet (visited)

Altars:
Ashenzari
Cheibriados
Dithmenos
Elyvilon
Fedhas
Gozag
Hepliaklqana
Kikubaaqudgha
Makhleb
Nemelex Xobeh
Okawaru
Qazlal
Ru
Sif Muna
Trog
Vehumet
Wu Jian
Xom
Yredelemnul
Zin
The Shining One
Jiyva

Shops:
D:1 ?   D:6 :   D:8 (   D:12 !   Orc:2 [([(

Portals:
Hell: Lair:5

Annotations:
D:6 2 runed translucent doors, Thargor's ghost, novice MiFi
Lair:4 Casa


Innate Abilities, Weirdness & Mutations

You have a pair of horns on your head.
You reflexively headbutt those who attack you in melee.


Message History

Your headbutt misses the jumping spider.
The jumping spider is heavily wounded.
The orb spider pulsates with a strange energy.
The jumping spider barely misses you. You furiously retaliate!
You headbutt the jumping spider! You block the jumping spider's attack.
Unknown command.
You slice the jumping spider!!
You kill the jumping spider!
Okawaru accepts your kill.
You feel you are being watched by something.
You feel your power leaking away. Something hits you but does no damage.
You block something's attack. x2
The orb spider begins to weave its threads into a brightly glowing ball.
You closely miss something. Your headbutt misses something.
You block something's attack. Something hits you.
Something stings you but does no damage.
Unknown command.
You hit something. You headbutt something!
The orb spider weaves a glowing orb of energy.
You feel you are being watched by something.
Something hits you but does no damage. x2
Something stings you but does no damage.
An orb of destruction comes into view.
You slice something!! Something hits you but does no damage.
Something hits you!
Something stings you but does no damage.
You slash something!
The orb spider weaves a glowing orb of energy.
You block something's attack. x3
An orb of destruction comes into view.
Unknown command.
You barely miss something. The orb of destruction hits you!!!
* * * LOW HITPOINT WARNING * * *
You miss something. You headbutt something.
You feel you are being watched by something.
Something barely misses you. Something hits you but does no damage.
Something stings you.
* * * LOW HITPOINT WARNING * * *
The orb of destruction hits you!!
You die...

.. ..###....#.
.#... ?....#...#.
#......#......#...
.......#).........
..........s#°°..#
..^....#..○.°s.^#
..?.....#.○°...##
#........{@#....#
.......#...^....#
#.....<........#
.............#.##
.....^##...#.^...
.#.^.. .?...$#....
..... ..###..####.
..#....# .... .
..... .....


You could see 2 orb spiders.

Vanquished Creatures
  Donald (Spider:1)
  3 orc warlords
  2 broodmothers (Spider:1)
  A minotaur (Gauntlet)
  2 dire elephants
  A vampire knight (D:14)
  2 ettins
  A fire dragon (D:15)
  Harold (Lair:2)
  Fannar (Lair:2)
  10 hydras
  2 ogre magi
  Erica (D:8)
  A death knight (D:14)
  A catoblepas (Lair:5)
  A hell beast (Lair:5)
  5 tengu warriors
  An anaconda (Lair:1)
  4 boulder beetles
  4 centaur warriors
  2 death yaks (Lair:1)
  8 two-headed ogres
  2 orc high priests
  Urug (D:13)
  Sonja (D:13)
  Amaemon (Lair:2)
  A fire crab (Gauntlet)
  4 skysharks
  5 skeletal warriors
  An orb spider (Spider:2)
  4 deep trolls
  3 wizards
  A lindwurm (Lair:5)
  8 slime creatures (D:14)
  4 necromancers
  2 steelbarb worms (Spider:1)
  2 deep elf pyromancers
  2 orc knights
  4 wolf spiders (Spider:1)
  13 ugly things
  5 orc sorcerers
  An oklob plant (Lair:4)
  9 cyclopes
  A spectral ice dragon (D:14)
  2 moths of wrath (Spider:1)
  4 manticores
  2 elephants (Lair:1)
  Maurice (D:13)
  3 centaur zombies (D:14)
  Joseph (D:8)
  7 black mambas
  2 demonic crawlers (Spider:1)
  A torpor snail (Lair:5)
  4 orange demons
  A centaur skeleton (D:14)
  A gargoyle (D:13)
  12 cane toads
  An unseen horror (D:13)
  A cane toad (shapeshifter) (D:14)
  10 rime drakes
  4 kobold demonologists
  11 freezing wraiths (D:14)
  13 komodo dragons
  Psyche (D:8)
  2 tengu conjurers (D:14)
  3 spectral deep trolls (D:14)
  2 ice devils (Lair:5)
  10 trolls
  A wind drake (Lair:2)
  A wolf spider simulacrum (D:14)
  A harpy zombie (D:14)
  2 polar bears
  A hellwing (Lair:5)
  3 tarantellas
  Prince Ribbit (D:7)
  A harpy skeleton (D:14)
  12 dream sheep
  34 blink frogs
  12 jumping spiders
  A flying skull (D:14)
  6 shadows
  Sigmund (D:8)
  2 centaur simulacra (D:14)
  5 culicivoras
  2 basilisks
  3 vampires (D:14)
  12 wraiths
  2 wyverns
  42 yaks
  Grum (D:8)
  4 fire bats (Gauntlet)
  6 humans (D:8)
  7 redbacks
  A redback simulacrum (D:15)
  4 vampire mosquitoes (D:14)
  3 steam dragons
  4 wargs
  An acid dragon (D:11)
  10 hell hounds
  Duvessa (D:7)
  12 water moccasins
  2 sky beasts
  An ice dragon simulacrum (D:14)
  43 orc warriors
  2 ice beasts
  2 black bears
  4 boggarts (D:14)
  7 ogres
  17 wolves
  6 centaurs
  A phantom (D:6)
  3 kobold brigands (D:10)
  13 bullfrogs
  A deep troll simulacrum (D:14)
  3 scorpions
  5 wights (D:8)
  Dowan (D:7)
  6 killer bees (D:10)
  15 electric eels
  9 howler monkeys
  2 hounds (D:8)
  A gnoll bouda (D:7)
  3 jellies
  21 orc priests
  Crazy Yiuf (D:3)
  2 sleepcaps (D:7)
  3 iguanas
  32 orc wizards
  6 hell rats (Lair:5)
  A mummy (Ossuary)
  10 gnolls
  13 adders
  5 river rats (Sewer)
  2 shadow imps (Gauntlet)
  2 white imps (Gauntlet)
  2 ufetubi
  A worm (D:3)
  4 dart slugs
  102 orcs
  7 endoplasms
  10 giant cockroaches
  16 goblins
  7 hobgoblins
  6 jackals
  4 quokkas
  11 ball pythons
  4 bats
  4 frilled lizards
  5 gnoll skeletons (Ossuary)
  25 kobolds
  9 kobold skeletons (Ossuary)
  11 orc skeletons (Ossuary)
  22 rats
923 creatures vanquished.

Vanquished Creatures (others)
  An orc (Orc:1)
1 creature vanquished.

Grand Total: 924 creatures vanquished

Notes
Turn   | Place    | Note
-------+----------+-------------------------------------------
     0 | D:1      | Peloso the Minotaur Fighter began the quest for the Orb.
     0 | D:1      | Reached XP level 1. HP: 19/19 MP: 0/0
   108 | D:1      | Reached XP level 2. HP: 24/27 MP: 1/1
   130 | D:1      | Found Emoriol's Magic Scroll Shop.
   318 | D:1      | Reached XP level 3. HP: 31/33 MP: 2/2
   819 | D:2      | Reached skill level 3 in Long Blades
   823 | D:2      | Reached skill level 1 in Dodging
   948 | D:2      | Reached XP level 4. HP: 36/40 MP: 3/3
  1272 | D:3      | Reached skill level 4 in Long Blades
  1317 | D:3      | Identified the +6 chain mail "Rotag" {Contam rElec Str+4
                  | Dex+4}
  1544 | D:3      | Found a faded altar of an unknown god.
  1674 | D:3      | Found a sacrificial altar of Ru.
  1687 | D:3      | Reached XP level 5. HP: 33/46 MP: 4/4
  1950 | D:3      | Found a runed translucent door.
  1951 | D:3      | Noticed Crazy Yiuf
  2166 | D:4      | Found a glowing drain.
  2192 | D:4      | Reached skill level 5 in Armour
  2245 | Sewer    | Entered a sewer
  2525 | Sewer    | Reached XP level 6. HP: 45/53 MP: 5/5
  2612 | Sewer    | Reached skill level 5 in Long Blades
  3361 | D:3      | Killed Crazy Yiuf
  3493 | D:5      | Entered Level 5 of the Dungeon
  3651 | D:5      | HP: 1/55 [orc wizard/+0 dagger (3)]
  3867 | D:4      | Found a staircase to the Ecumenical Temple.
  4012 | Temple   | Entered the Ecumenical Temple
  4115 | Temple   | Became a worshipper of Warmaster Okawaru
  4295 | D:4      | Reached skill level 5 in Fighting
  4295 | D:4      | Reached XP level 7. HP: 60/61 MP: 6/6
  4673 | D:5      | Reached skill level 6 in Long Blades
  5075 | D:6      | Reached * piety under Okawaru
  5076 | D:6      | Reached skill level 7 in Long Blades
  5076 | D:6      | Reached skill level 5 in Shields
  5224 | D:6      | Found a large runed translucent door.
  5224 | D:6      | Found a large runed translucent door.
  5228 | D:6      | Noticed Thargor's ghost (novice MiFi)
  5382 | D:6      | Found Omoduu Havob's Book Shop.
  5468 | D:6      | Reached XP level 8. HP: 67/69 MP: 7/7
  5778 | D:7      | Noticed Prince Ribbit
  5810 | D:7      | Reached skill level 1 in Stealth
  5816 | D:7      | Reached skill level 8 in Long Blades
  5828 | D:7      | Killed Prince Ribbit
  5828 | D:7      | Reached ** piety under Okawaru
  6476 | D:7      | Found a hazy altar of Hepliaklqana.
  6477 | D:7      | Found a burning altar of Makhleb.
  6595 | D:7      | Found a bloodstained altar of Trog.
  6595 | D:7      | Noticed Duvessa
  6597 | D:7      | Noticed Dowan
  6608 | D:7      | Killed Duvessa
  6609 | D:7      | Reached skill level 9 in Long Blades
  6610 | D:7      | Killed Dowan
  6958 | D:8      | Reached XP level 9. HP: 53/75 MP: 8/8
  6995 | D:8      | Found Vol Guan's Weapon Shoppe.
  7015 | D:8      | Found a staircase to the Lair.
  7100 | D:8      | Noticed Grum
  7103 | D:8      | Reached *** piety under Okawaru
  7118 | D:8      | Killed Grum
  7140 | D:8      | Noticed Joseph
  7149 | D:8      | Killed Joseph
  7150 | D:8      | Reached skill level 10 in Long Blades
  7185 | D:8      | Noticed Sigmund
  7200 | D:8      | Killed Sigmund
  7239 | D:8      | Reached **** piety under Okawaru
  7250 | D:8      | Reached XP level 10. HP: 52/88 MP: 7/9
  7259 | D:8      | Reached skill level 11 in Long Blades
  7485 | D:8      | Found a sand-covered staircase.
  7494 | Ossuary  | Entered an ossuary
  7653 | Ossuary  | Received a gift from Okawaru
  7900 | D:8      | Noticed Psyche
  7907 | D:8      | Killed Psyche
  7936 | D:8      | Noticed Erica
  7941 | D:8      | Killed Erica
  7942 | D:8      | Reached skill level 12 in Long Blades
  7942 | D:8      | Reached skill level 1 in Invocations
  8388 | D:8      | Reached ***** piety under Okawaru
  8481 | D:8      | Found a glowing golden altar of the Shining One.
  8725 | D:9      | Found a flagged portal.
  8741 | Bailey   | Entered a bailey
  8800 | Bailey   | Reached skill level 10 in Armour
  8897 | Bailey   | Reached skill level 13 in Long Blades
  9175 | Bailey   | Found an iron altar of Okawaru.
  9175 | Bailey   | Noticed an orc high priest
  9177 | Bailey   | Noticed a smoke demon
  9179 | Bailey   | Noticed an orange demon
  9184 | Bailey   | Killed an orc high priest
  9184 | Bailey   | Received a gift from Okawaru
  9185 | Bailey   | Reached XP level 11. HP: 75/97 MP: 7/10
  9372 | Bailey   | Noticed an orc knight
  9387 | Bailey   | Killed an orc knight
  9776 | D:9      | Noticed a two-headed ogre
  9794 | D:9      | Killed a two-headed ogre
 10017 | D:9      | Reached skill level 5 in Dodging
 10456 | D:10     | Entered Level 10 of the Dungeon
 10627 | D:10     | Reached skill level 14 in Long Blades
 11469 | D:10     | Found a sparkling altar of Nemelex Xobeh.
 11580 | D:11     | Noticed a white ugly thing
 11592 | D:11     | Killed a white ugly thing
 11892 | D:11     | Found a staircase to the Orcish Mines.
 12091 | D:11     | Reached skill level 15 in Long Blades
 12419 | Lair:1   | Entered Level 1 of the Lair of Beasts
 12427 | Lair:1   | Found a gate leading to a gauntlet.
 12437 | Gauntlet | Entered a Gauntlet
 12437 | Gauntlet | Noticed a catoblepas
 12437 | Gauntlet | Found a transporter.
 12437 | Gauntlet | Found a transporter.
 12441 | Gauntlet | Noticed a fire crab
 12453 | Gauntlet | Found a transporter.
 12457 | Gauntlet | Found a transporter.
 12475 | Gauntlet | Found a transporter.
 12481 | Gauntlet | Found a transporter.
 12481 | Gauntlet | Noticed a fire crab
 12494 | Gauntlet | Found a transporter.
 12510 | Gauntlet | Found a transporter.
 12515 | Gauntlet | Found a transporter.
 12518 | Gauntlet | Found a transporter.
 12521 | Gauntlet | Noticed a wizard
 12522 | Gauntlet | Noticed a wizard
 12530 | Gauntlet | Found a transporter.
 12534 | Gauntlet | Found a transporter.
 12752 | Gauntlet | Reached skill level 10 in Fighting
 12763 | Gauntlet | Reached XP level 12. HP: 59/106 MP: 10/12
 12965 | Gauntlet | Received a gift from Okawaru
 13001 | Gauntlet | Identified the ring "Qoipogi" {Int+3 Dex+6}
 13060 | Gauntlet | Identified the +0 cloak of Bycoguse {Regen+ rCorr Int+7}
 13084 | Gauntlet | Acquired a +1 demon blade of flaming
 13089 | Gauntlet | Acquired a +6 double sword of electrocution
 13285 | Gauntlet | Noticed a minotaur
 13300 | Gauntlet | Killed a minotaur
 14054 | Lair:1   | Noticed a death yak
 14136 | Lair:1   | Reached skill level 16 in Long Blades
 14184 | Lair:1   | Killed a death yak
 14306 | Lair:1   | Noticed an anaconda
 14306 | Lair:1   | Noticed a dire elephant
 14306 | Lair:1   | Noticed a death yak
 14319 | Lair:1   | Killed a dire elephant
 14320 | Lair:1   | Reached skill level 10 in Shields
 14339 | Lair:1   | Killed a death yak
 14346 | Lair:1   | Killed an anaconda
 14357 | Lair:1   | Reached XP level 13. HP: 53/116 MP: 0/14
 14363 | Lair:1   | Identified the +3 buckler "Wuin" {Harm rF- rN++ Slay+2}
 14853 | Lair:2   | Noticed Harold
 14869 | Lair:2   | Killed Harold
 14971 | Lair:2   | Noticed Fannar
 14983 | Lair:2   | Killed Fannar
 15052 | Lair:2   | Identified the +0 pair of gloves of Pandemonium {Will-
                  | Str+4} (Okawaru gifted it to you on level 2 of the Lair of
                  | Beasts)
 15052 | Lair:2   | Received a gift from Okawaru
 15103 | Lair:2   | Noticed Amaemon
 15113 | Lair:2   | Killed Amaemon
 15173 | Lair:2   | Found a staircase to the Shoals.
 15203 | Lair:2   | Reached skill level 17 in Long Blades
 15344 | Lair:2   | Found a hole to the Spider Nest.
 16131 | Lair:3   | Identified the +6 flail "Gyrec" {venom, rPois}
 17300 | D:12     | Identified the +0 plate armour of Past Mistakes {rN+}
 17404 | D:12     | Found Ruxomoo's Distillery.
 17407 | D:12     | Bought a potion of berserk rage for 70 gold pieces
 17937 | Lair:4   | Found a viscous altar of Jiyva.
 17938 | Lair:4   | Found a staircase to the Slime Pits.
 18003 | Lair:4   | Reached ****** piety under Okawaru
 18201 | Lair:4   | Identified the +2 hat of Zal Cele {Contam Will+ Str+3}
                  | (Okawaru gifted it to you on level 4 of the Lair of Beasts)
 18201 | Lair:4   | Received a gift from Okawaru
 18632 | Lair:4   | Reached XP level 14. HP: 125/129 MP: 13/15
 18984 | Lair:4   | Reached skill level 18 in Long Blades
 19296 | Orc:1    | Entered Level 1 of the Orcish Mines
 19521 | Orc:2    | Entered Level 2 of the Orcish Mines
 19626 | Orc:2    | Noticed an orc warlord
 19657 | Orc:2    | Killed an orc warlord
 20097 | Orc:2    | Found Hytocurgh's Armour Shoppe.
 20294 | Orc:2    | Found Museuh's Weapon Emporium.
 20481 | Orc:2    | Found a shimmering blue altar of Sif Muna.
 20589 | Orc:2    | Noticed an orc warlord
 20845 | Orc:1    | Killed an orc warlord
 21155 | Orc:2    | Found a staircase to the Elven Halls.
 21316 | Orc:2    | Found Doylur's Antique Weapon Emporium.
 21323 | Orc:2    | Found Arunev's Antique Armour Shoppe.
 21380 | Orc:2    | Bought a pair of warped gloves for 323 gold pieces
 21380 | Orc:2    | Identified the +1 pair of gloves of Kasures {rElec rC+
                  | rN+++ Int-3} (You bought it in a shop on level 2 of the
                  | Orcish Mines)
 21483 | Orc:1    | Noticed an orc warlord
 21567 | Orc:2    | Killed an orc warlord
 22231 | D:13     | Noticed Maurice
 22239 | D:13     | Killed Maurice
 22505 | D:13     | Noticed Sonja
 22524 | D:13     | Killed Sonja
 22555 | D:13     | Noticed Urug
 22566 | D:13     | Killed Urug
 22566 | D:13     | Received a gift from Okawaru
 22762 | D:13     | Found a gate to the Vaults.
 23023 | D:13     | Reached skill level 15 in Fighting
 23023 | D:13     | Reached XP level 15. HP: 141/141 MP: 16/16
 23179 | Lair:5   | Entered Level 5 of the Lair of Beasts
 23188 | Lair:5   | Reached skill level 19 in Long Blades
 23260 | Lair:5   | Identified the +0 kite shield of Barnacled the Good {rN+}
                  | (Okawaru gifted it to you on level 5 of the Lair of Beasts)
 23260 | Lair:5   | Received a gift from Okawaru
 23356 | Lair:4   | Reached XP level 16. HP: 144/149 MP: 6/17
 24595 | Lair:5   | Found a burning altar of Makhleb.
 24639 | Lair:5   | Reached skill level 15 in Armour
 24658 | Lair:5   | Found a gateway to Hell.
 25460 | D:14     | Reached skill level 15 in Shields
 25582 | D:14     | Found an opulent altar of Gozag.
 26162 | D:14     | Received a gift from Okawaru
 27156 | D:14     | Identified the +0 hat of Duty {Slay+4} (Okawaru gifted it
                  | to you on level 14 of the Dungeon)
 27156 | D:14     | Received a gift from Okawaru
 27168 | D:14     | Reached skill level 20 in Long Blades
 27293 | D:14     | Found a basalt altar of Yredelemnul.
 27746 | D:15     | Entered Level 15 of the Dungeon
 28128 | D:15     | Reached XP level 17. HP: 159/159 MP: 12/18
 28402 | D:15     | Found a staircase to the Depths.
 29706 | Spider:1 | Entered Level 1 of the Spider Nest
 29998 | Spider:1 | Noticed Donald
 30023 | Spider:1 | Killed Donald
 31280 | Spider:2 | Blown up by an orb spider

Illustrated notes

Levels and vault maps discovered:
D:1:      dpeg_arrival_houses_and_road, layout_basic, serial_shops,
          nicolae_shop_tiny_real_fake_doors
D:2:      layout_rooms
D:3:      layout_loops_ring, mainiacjoe_overflow_tiny_flanked,
          shapermc_ecumenical_altar_venn, uniq_crazy_yiuf_cottage
D:4:      layout_loops_corners, temple_pool_b, gup_sewer_entry_glass,
          kennysheep_generic_room_14
D:5:      layout_basic, kennysheep_generic_room_9
D:6:      layout_loops_ring, ebering_ghost_disaster_area, serial_shops, shop
D:7:      layout_basic, trog_three_pillars_becter, minitemple, uniq_duvessa,
          uniq_prince_ribbit1
D:8:      erik_cavepeople, layout_loops_ring, lemuel_round_altar,
          lair_entry_dummy, enter_ossuary_1, serial_shops, nicolae_shop_trees,
          grunt_ministairs_12, uniq_grum, uniq_joseph, uniq_erica, uniq_psyche
D:9:      layout_basic, enter_bailey_2, dreamdust_princess_bridge, st_stairs_3,
          chequers_serial_rivers_large_a, hangedman_decor_push,
          minmay_misc_feat_nine_boxes
D:10:     layout_roguey, lemuel_round_altar, st_stairs_6
D:11:     layout_roguey, hiddenorc1_lemuel, grunt_ministairs_10,
          minmay_strange_pillars
D:12:     layout_irregular_city, serial_shops, shop
D:13:     layout_basic, david_vaults_2, uniq_maurice, uniq_sonja, uniq_urug
D:14:     lemuel_vampire_tower, layout_basic, nicolae_gozag_seed_capital
D:15:     hangedman_depths_entry_civil_slaughter, layout_layer_cave,
          wad_floor_pattern_1
Temple:   nicolae_temple_elliptical
Lair:1:   layout_roguey, gauntlet_entry_generic, nicolae_lair_lakeside_cave
Lair:2:   layout_chaotic_city, minmay_shoals_entry_beasts, dummy_spider_entry,
          serial_bayou_lagoon_b, grunt_megastairs_2, lemuel_fruit_fields,
          uniq_fannar, uniq_amaemon, uniq_harold
Lair:3:   layout_hall_layers, serial_bayou_pond_d
Lair:4:   dreamdust_cave_troll, layout_regular_city, slime_entry_1,
          minmay_lair_oklob_items, patterned_corridor
Lair:5:   evil_forest, layout_cave_pods, nicolae_quartered_pool_medium,
          lemuel_fruit_tree
Spider:1: layout_cave_pods, nicolae_spider_circle_web, uniq_donald
Spider:2: layout_spider_delve
Orc:1:    layout_caves
Orc:2:    grunt_orc_community_town_hall, layout_diamond_mine,
          grunt_orc_community_big_house_2, grunt_orc_community_big_house_1,
          grunt_orc_community_house_1, grunt_orc_community_house_2,
          grunt_orc_community_house_3, grunt_orc_community_house_3,
          grunt_orc_community_house_2, nicolae_orc_rockfall, led_sif_book

Skill      XL: |  1  2  3  4  5  6  7  8  9 10 11 12 13 14 15 16 17 |
---------------+----------------------------------------------------+-----
Armour         | 4 5 6 7 9 10 11 12 13 14 15 | 15.7
Fighting       | 4 5 6 7 9 10 11 13 15 16 17 | 17.0
Shields        | 4 5 7 8 10 11 13 16 17 | 17.3
Long Blades    | 3 4 5 7 9 10 13 15 16 17 18 19 20 | 20.5
Dodging        | 1 2 4 5 6 7 8 9 |  9.5
Stealth        | 1 2 3 |  3.0
Invocations    | 1 2 3 |  3.1
Evocations     | |  0.3

Action                     |  1- 3 |  4- 6 |  7- 9 | 10-12 | 13-15 | 16-18 || total
---------------------------+-------+-------+-------+-------+-------+-------++-------
  Melee: Long sword        |    79 |   245 |   181 |    34 |       |       ||   539
         Headbutt          |     6 |    45 |    42 |   154 |   143 |   206 ||   596
         Scimitar          |       |       |    66 |   545 |       |       ||   611
         Double sword      |       |       |       |   131 |   652 |   707 ||  1490
         Demon blade       |       |       |       |       |    16 |    67 ||    83
 Invoke: Heroism           |       |       |     3 |    13 |     3 |     1 ||    20
  Evoke: Wand              |       |       |       |       |     6 |       ||     6
    Use: Potion            |     3 |     1 |       |     6 |     4 |       ||    14
         Scroll            |     1 |    11 |     3 |    13 |     5 |       ||    33
 Armour: Scale mail        |    40 |   108 |       |       |       |       ||   148
         Chain mail        |       |    62 |   138 |   297 |   338 |   375 ||  1210
  Dodge: Dodged            |    34 |   126 |   125 |   310 |   315 |   373 ||  1283
  Block: Buckler           |    17 |    76 |    82 |   188 |   395 |   170 ||   928
         Reflection        |       |       |       |       |     8 |    10 ||    18
         Kite shield       |       |       |       |       |       |   630 ||   630
